 Dungeon Crawl Stone Soup version 0.24.0-125-gc4c63601f3 (webtiles) character file.

Game seed: 15385624493948214162, levelgen mode: deterministic

70749 CrazyMind the Brawler (level 14, -4/131 HPs)
             Began as a Troll Monk on Mar 4, 2020.
             Was the Champion of Ru.
             Slain by Jorgrun
             ... wielding an uncursed staff of earth
              (14 damage)
             ... on level 15 of the Dungeon on Mar 5, 2020.
             The game lasted 02:05:08 (18330 turns).

CrazyMind the Brawler (Troll Monk)                 Turns: 18330, Time: 02:05:09

Health: -4/131     AC: 16    Str: 24      XL:     14   Next: 95%
Magic:  8/13       EV: 13    Int:  1 (4)  God:    Ru [******]
Gold:   947        SH:  0    Dex: 12      Spells: 13/13 levels left

rFire    + . .     SeeInvis .     - Unarmed
rCold    + . .     Gourm    +   (no shield)
rNeg     . . .     Faith    .   H - +0 acid dragon scales
rPois    .         Spirit   .   r - +2 hat
rElec    +         Reflect  .   B - +2 cloak {MR+}
rCorr    +         Harm     .   (gloves unavailable)
MR       ++...                  (boots unavailable)
Stlth    ..........             s - amulet of rage
HPRegen  0.71/turn              q - ring "Voippubb" {rElec rF+ rC+ Int-5}
MPRegen  0.13/turn              P - +3 ring of intelligence

@: exhausted, no potions, drained
A: large, unfitting armour, claws 3, horns 1, fast metabolism 3, gourmand,
regeneration 1, shaggy fur 1, tough skin 3, weak 1, no potion heal 1, subdued
magic 1, inability to drink while threatened, no stealth, hated by all,
inexperienced 1
a: Draw Out Power, Power Leap, Apocalypse, Renounce Religion, Evoke Berserk Rage


You were on level 15 of the Dungeon.
You worshipped Ru.
Ru was exalted by your worship.
You were completely stuffed.

You visited 3 branches of the dungeon, and saw 21 of its levels.
You also visited: Gauntlet.

You collected 1212 gold pieces.
You spent 265 gold pieces at shops.

Inventory:

Hand Weapons
 K - a +2 whip of freezing
Missiles
 i - 24 javelins
 n - 6 atropa-tipped darts
 u - 91 poisoned darts
 x - 7 boomerangs of dispersal
 y - a throwing net
 G - 5 boomerangs (quivered)
 M - 6 datura-tipped darts
 N - 6 curare-tipped darts
 V - 8 silver javelins
 W - 6 silver boomerangs
 Y - 9 large rocks
Armour
 r - a +2 hat (worn)
 B - a +2 cloak of magic resistance (worn)
 H - +0 acid dragon scales (worn)
 U - a +2 troll leather armour
Jewellery
 a - an uncursed ring of see invisible
 g - the ring "Vaibaaru" {Fire rPois Dex+4}
   (You found it in a Gauntlet)

   [ring of fire]

   It enhances your fire magic.
   It affects your dexterity (+4).
   It protects you from fire.
   It makes you vulnerable to cold.
   It protects you from poison.
 q - the ring "Voippubb" (left claw) {rElec rF+ rC+ Int-5}
   (You found it on level 3 of the Lair of Beasts)

   [ring of protection from cold]

   It affects your intelligence (-5).
   It protects you from fire.
   It protects you from cold.
   It insulates you from electricity.
 s - an amulet of rage (around neck)
 P - a +3 ring of intelligence (right claw)
Wands
 l - a wand of iceblast (6)
 m - a wand of disintegration (10)
 E - a wand of polymorph (11)
 J - a wand of flame (37)
 Q - a wand of paralysis (19)
 X - a wand of digging (3)
 Z - a wand of acid (5)
Scrolls
 d - 15 scrolls of remove curse
 h - a scroll of blinking
 k - 2 scrolls of identify
 o - 5 scrolls of teleportation
 t - a scroll of fear {unknown}
 C - a scroll of holy word
 I - a scroll of enchant weapon
 R - 5 scrolls of magic mapping
 T - a scroll of torment {unknown}
Potions
 c - a potion of haste
 e - 4 potions of curing
 f - a potion of invisibility
 j - a potion of flight
 p - 2 potions of ambrosia
 v - 2 potions of resistance
 w - 2 potions of cancellation
 z - a potion of berserk rage
 D - 2 potions of mutation
 F - 2 potions of heal wounds
 L - 2 potions of lignification
 O - a potion of agility
Comestibles
 b - 46 rations
 A - 5 chunks of flesh


   Skills:
 + Level 6.5(5.3) Fighting
 + Level 8.9(7.6) Throwing
 + Level 5.1(3.9) Armour
 + Level 9.2(7.9) Dodging
 + Level 18.3(16.7) Unarmed Combat


You had 13 spell levels left.
You didn't know any spells.
Your spell library contained the following spells:

 Spells                   Type           Power        Failure   Level  Hunger
 Corona                   Hex            #......      61%         1    ##.....
 Freeze                   Ice            #...         61%         1    ##.....
 Pain                     Necr           #...         61%         1    ##.....
 Sting                    Conj/Pois      #...         61%         1    ##.....
 Ensorcelled Hibernation  Hex/Ice        #.....       75%         2    ###....
 Throw Frost              Conj/Ice       #.....       75%         2    ###....
 Confuse                  Hex            #.......     93%         3    ####...
 Dazzling Spray           Conj/Hex       #.....       93%         3    ####...
 Ozocubu's Armour         Chrm/Ice       #.......     93%         3    ####...
 Regeneration             Chrm/Necr      #.........   93%         3    ####...
 Tukima's Dance           Hex            #.......     93%         3    ####...
 Vampiric Draining        Necr           #.........   93%         3    ####...
 Throw Icicle             Conj/Ice       #.......     100%        4    #####..
 Discord                  Hex            #.........   100%        8    #######
 Animate Skeleton         Necr           Unusable     N/A         1    N/A
 Summon Small Mammal      Summ           Unusable     N/A         1    N/A
 Call Imp                 Summ           Unusable     N/A         2    N/A
 Call Canine Familiar     Summ           Unusable     N/A         3    N/A
 Summon Guardian Golem    Hex/Summ       Unusable     N/A         3    N/A
 Animate Dead             Necr           Unusable     N/A         4    N/A
 Summon Ice Beast         Ice/Summ       Unusable     N/A         4    N/A
 Summon Lightning Spire   Summ/Air       Unusable     N/A         4    N/A

Dungeon Overview and Level Annotations

Branches:
Dungeon (15/15)            Temple (1/1) D:4            Lair (5/6) D:8
 Shoals (0/4) Lair:3        Snake (0/4) Lair:4          Orc (0/2) D:9
 Vaults (0/5) D:13        Gauntlet (visited)
  Slime: Lair:5-6    Depths: D:15

Altars:
Ashenzari
Cheibriados
Dithmenos
Elyvilon
Fedhas
Gozag
Hepliaklqana
Kikubaaqudgha
Makhleb
Nemelex Xobeh
Okawaru
Qazlal
Ru
Sif Muna
Trog
Uskayaw
Vehumet
Wu Jian
Xom
Yredelemnul
Zin
The Shining One

Shops:
D:5 (   D:9 [   D:11 %

Annotations:
D:10 2 transporters, exclusion: downstairs, Descartes's ghost, journeyman FoAK
D:15 Jorgrun
Lair:1 1 runed translucent door, matti1234's ghost, journeyman OpWr
Lair:4 exclusions: 2 downstairs and 2 oklob plants


Innate Abilities, Weirdness & Mutations

You are too large for most types of armour.
You have claws for hands.
Your metabolism is lightning-fast.
You like to eat raw meat.
Your natural rate of healing is unusually fast.
You are covered in fur. (AC +1)
You have extremely tough skin. (AC +3)
You are weak. (Str -2)
Potions are less effective at restoring your health.
You cannot drink potions while threatened.
You cannot be stealthy.
You are hated by all.
You are somewhat inexperienced. (-2 XL)
You have a pair of small horns on your head.
Your spells are a little easier to cast, but a little less powerful.


Message History

You're too confused!
You cannot drink potions in your current state!
Okay, then.
Evoke which item? (* to show all) (? for menu, Esc to quit)
You're too confused!
You escape the roots' grasp.
You barely miss the glowing orange brain.
You headbutt the glowing orange brain, but do no damage.
The glowing orange brain is moderately wounded.
You scratch the glowing orange brain. You headbutt the glowing orange brain.
The glowing orange brain is heavily wounded.
Jorgrun begins to cast a spell, but is stunned by your will!
You bump into the crystal wall.
Jorgrun is no longer moving slowly.
Jorgrun hits you but does no damage.
The glowing orange brain blinks!
You bump into the crystal wall.
Jorgrun says, "Yer just na down-ta-earth enough."
Jorgrun begins to cast a spell, but is stunned by your will!
You feel less confused.
Jorgrun hits you with an uncursed staff of earth!
You die...

#..................
#.########.#####.##
#.# #.# #.# #.# #.#
#.# # ##### #.#
#.## #.#..# ####
#.# #...
.....##..## #.#
#### #..#....###.#
#.@g.†.G'..#
###..†.##..#
##..###°.# ####
#°## #°# #†# #.#
### #.# #.# #.#


You could see Jorgrun and a glowing orange brain.

Vanquished Creatures
  A minotaur (Gauntlet)
  Erolcha (D:10)
  6 hydras
  2 centaur warriors
  4 two-headed ogres
  A fire crab (shapeshifter) (D:15)
  A fire crab (Gauntlet)
  An unseen horror (D:14)
  Pikel (D:6)
  2 ugly things (D:13)
  A manticore (D:14)
  A wolf spider (shapeshifter) (D:13)
  4 elephants
  2 cyclopes
  A black mamba (shapeshifter) (D:15)
  A rust devil (Gauntlet)
  A torpor snail (Lair:5)
  4 spiny frogs
  3 kobold demonologists
  A rime drake (Lair:4)
  A rime drake (shapeshifter) (D:15)
  3 komodo dragons
  4 trolls
  Prince Ribbit (D:6)
  A merfolk (shapeshifter) (D:8)
  4 polar bears
  A raiju (Gauntlet)
  A hornet (D:11)
  A blink frog (shapeshifter) (D:15)
  8 hippogriffs
  A snapping turtle (Lair:3)
  3 blink frogs (Lair:4)
  A ynoxinul (Gauntlet)
  2 wyverns
  58 yaks
  Grum (D:11)
  A yak (shapeshifter) (D:13)
  3 fire bats (Gauntlet)
  5 wraiths
  Eustachio (D:4)
  3 hungry ghosts
  A golden eye (shapeshifter) (D:15)
  4 basilisks
  2 steam dragons (Gauntlet)
  2 vampire mosquitoes (D:12)
  6 water moccasins
  An acid dragon (D:15)
  8 porcupines
  3 hell hounds (Gauntlet)
  7 orc warriors
  7 sky beasts
  A swamp drake (D:12)
  4 slaves (D:6)
  2 black bears
  3 ice beasts
  An eye of draining (D:12)
  4 wolves
  3 necrophages
  21 centaurs
  8 crocodiles
  11 ogres
  2 elf zombies (D:11)
  A big kobold (D:11)
  A gnoll sergeant (D:5)
  A wyvern zombie (D:13)
  An elf skeleton (D:11)
  16 bullfrogs
  2 wyvern skeletons
  4 scorpions
  17 killer bees
  7 howler monkeys
  2 bullfrog zombies
  10 crimson imps
  2 centaur zombies
  A quasit (D:10)
  3 human zombies (D:11)
  4 iron imps (Gauntlet)
  5 centaur skeletons
  10 hounds
  3 bullfrog skeletons
  2 orc priests
  13 jellies
  Jessica (D:2)
  A human skeleton (D:11)
  Ijyb (D:5)
  8 iguanas
  5 orc wizards
  15 worker ants
  3 hound skeletons
  A mummy (D:11)
  19 gnolls
  8 adders
  2 howler monkey skeletons
  4 shadow imps
  5 oozes (D:8)
  An adder zombie (D:4)
  2 adder skeletons
  4 worms
  A dart slug (D:2)
  10 leopard geckos
  38 orcs
  8 giant cockroaches
  7 goblins
  3 hobgoblins
  10 jackals
  5 quokkas
  4 ball pythons
  8 bats
  14 frilled lizards
  3 jackal skeletons
  18 kobolds
  A leopard gecko skeleton (D:4)
  A leopard gecko zombie (D:5)
  8 rats
  A butterfly (Lair:2)
  A plant (Lair:4)
570 creatures vanquished.

Vanquished Creatures (others)
  A hydra (D:11)
  An unseen horror (D:12)
  2 yaks
  A water moccasin (Lair:3)
  A centaur (D:14)
  2 orcs (D:11)
  A kobold (D:12)
  4 fungi (Lair:5)
  5 plants
18 creatures vanquished.

Grand Total: 588 creatures vanquished

Notes
Turn   | Place    | Note
-------+----------+-------------------------------------------
     0 | D:1      | CrazyMind the Troll Monk began the quest for the Orb.
     0 | D:1      | Reached XP level 1. HP: 22/22 MP: 0/0
   157 | D:1      | Reached XP level 2. HP: 29/29 MP: 1/1
   744 | D:2      | Noticed Jessica
   805 | D:2      | Found a bloodstained altar of Trog.
   811 | D:2      | Reached XP level 3. HP: 36/36 MP: 2/2
  1109 | D:2      | Killed Jessica
  1109 | D:2      | Reached skill level 4 in Unarmed Combat
  1109 | D:2      | Reached XP level 4. HP: 44/44 MP: 3/3
  1553 | D:3      | Found a faded altar of an unknown god.
  1703 | D:3      | Found a blossoming altar of Fedhas.
  1966 | D:3      | Reached XP level 5. HP: 53/53 MP: 4/4
  2300 | D:4      | Noticed Eustachio
  2539 | D:4      | Found a sacrificial altar of Ru.
  2539 | D:4      | Noticed an ogre
  2558 | D:4      | Killed an ogre
  2558 | D:4      | Reached skill level 5 in Unarmed Combat
  2585 | D:4      | Became a worshipper of Ru the Awakened
  2587 | D:4      | Gained mutation: You are weak. (Str -2) [Ru sacrifice]
  2672 | D:4      | Killed Eustachio
  2672 | D:4      | Reached skill level 1 in Throwing
  2672 | D:4      | Reached skill level 6 in Unarmed Combat
  2672 | D:4      | Reached XP level 6. HP: 55/61 MP: 5/5
  2723 | D:4      | Reached XP level 7. HP: 48/67 MP: 6/6
  2918 | D:4      | Found a staircase to the Ecumenical Temple.
  2927 | Temple   | Entered the Ecumenical Temple
  3035 | D:4      | Noticed a hungry ghost
  3048 | D:4      | Killed a hungry ghost
  3048 | D:4      | Reached skill level 7 in Unarmed Combat
  3218 | D:4      | Found a shadowy altar of Dithmenos.
  3296 | D:4      | Reached XP level 8. HP: 75/75 MP: 7/7
  3407 | D:4      | Reached skill level 8 in Unarmed Combat
  3425 | D:4      | Found a snail-covered altar of Cheibriados.
  3425 | D:4      | Found a hazy altar of Hepliaklqana.
  3449 | D:5      | Entered Level 5 of the Dungeon
  3697 | D:5      | Found Esyi's Weapon Boutique.
  3789 | D:5      | Noticed Ijyb
  3796 | D:5      | Killed Ijyb
  3887 | D:5      | Reached skill level 9 in Unarmed Combat
  4454 | D:6      | Noticed Pikel
  4455 | D:6      | Reached XP level 9. HP: 82/83 MP: 8/8
  4469 | D:6      | Killed Pikel
  4469 | D:6      | Reached skill level 5 in Dodging
  4469 | D:6      | Reached skill level 10 in Unarmed Combat
  4526 | D:6      | Gained mutation: You are somewhat inexperienced. (-2 XL)
                  | [Ru sacrifice]
  4526 | D:6      | Reached XP level 8. HP: 75/75 MP: 7/7
  4526 | D:6      | Reached XP level 7. HP: 67/67 MP: 6/6
  4526 | D:6      | Reached * piety under Ru
  4526 | D:6      | Reached ** piety under Ru
  4526 | D:6      | Reached *** piety under Ru
  4619 | D:6      | Found a radiant altar of Vehumet.
  4804 | D:6      | Found an ornate altar of the Wu Jian Council.
  5151 | D:6      | Noticed Prince Ribbit
  5157 | D:6      | Killed Prince Ribbit
  5157 | D:6      | Reached XP level 8. HP: 75/75 MP: 7/7
  5495 | D:7      | Reached skill level 11 in Unarmed Combat
  5504 | D:7      | Reached skill level 5 in Throwing
  5680 | D:7      | You fall into a shaft and drop 3 floors!
  5680 | D:10     | Entered Level 10 of the Dungeon
  5688 | D:9      | Found Hise's Armour Boutique.
  5688 | D:9      | Found a staircase to the Orcish Mines.
  5734 | D:8      | Reached XP level 9. HP: 84/84 MP: 8/8
  5994 | D:7      | Found a sparkling altar of Nemelex Xobeh.
  6047 | D:8      | Noticed a two-headed ogre
  6223 | D:7      | Gained mutation: You cannot drink potions while threatened.
                  | [Ru sacrifice]
  6223 | D:7      | Reached **** piety under Ru
  6461 | D:7      | Found a shimmering altar of Xom.
  6562 | D:8      | Noticed an elephant
  6563 | D:8      | Killed a two-headed ogre
  6563 | D:8      | Reached skill level 12 in Unarmed Combat
  6575 | D:8      | Killed an elephant
  6575 | D:8      | Reached XP level 10. HP: 76/92 MP: 9/9
  6702 | D:8      | Found a staircase to the Lair.
  7262 | D:9      | Bought a +2 robe of magic resistance for 265 gold pieces
  7377 | D:9      | Reached skill level 13 in Unarmed Combat
  7549 | D:9      | Reached XP level 11. HP: 92/100 MP: 10/10
  7714 | D:9      | Reached skill level 14 in Unarmed Combat
  7839 | D:9      | Found a white marble altar of Elyvilon.
  8084 | D:10     | Noticed Erolcha
  8164 | Lair:1   | Entered Level 1 of the Lair of Beasts
  8184 | Lair:1   | Reached skill level 1 in Armour
  8202 | Lair:1   | Gained mutation: You are hated by all. [Ru sacrifice]
  8202 | Lair:1   | Reached ***** piety under Ru
  8470 | D:8      | Gained mutation: Your spells are a little easier to cast,
                  | but a little less powerful. [potion of mutation]
  8470 | D:8      | Gained mutation: You have a pair of small horns on your
                  | head. [potion of mutation]
  8534 | Lair:1   | Found a gate leading to a gauntlet.
  8543 | Gauntlet | Entered a Gauntlet
  8543 | Gauntlet | Found a transporter.
  8543 | Gauntlet | Found a transporter.
  8565 | Gauntlet | Found a transporter.
  8566 | Gauntlet | Found a transporter.
  8568 | Gauntlet | Noticed a sixfirhy
  8574 | Gauntlet | Found a transporter.
  8577 | Gauntlet | Found a transporter.
  8585 | Gauntlet | Found a transporter.
  8594 | Gauntlet | Noticed a hell beast
  8601 | Gauntlet | Found a transporter.
  8608 | Gauntlet | Noticed a fire crab
  8615 | Gauntlet | Found a transporter.
  8619 | Gauntlet | Found a transporter.
  8627 | Gauntlet | Found a transporter.
  8631 | Gauntlet | Found a transporter.
  8739 | Gauntlet | Found a runed translucent door.
  8826 | Gauntlet | Killed a fire crab
  8859 | Gauntlet | Got a smoking hat
  8863 | Gauntlet | Identified the cursed -3 hat "Vofad" {Dex+3} (You found it
                  | in a Gauntlet)
  8907 | Gauntlet | Identified the +5 morningstar of the Pharaoh's Fist {venom,
                  | Dex+4}
  8907 | Gauntlet | Identified the cursed ring of Zifrunei {*Contam rPois rC+
                  | MR++ AC-2}
  8907 | Gauntlet | Noticed a minotaur
  8914 | Gauntlet | Killed a minotaur
  8914 | Gauntlet | Reached skill level 15 in Unarmed Combat
  8968 | Gauntlet | Got a scorched amber ring
  8972 | Gauntlet | Identified the Disquisition on the Harmful Oath
  9015 | Gauntlet | Identified the ring "Vaibaaru" {Fire rPois Dex+4} (You
                  | found it in a Gauntlet)
  9047 | Lair:1   | Found a runed translucent door.
  9047 | Lair:1   | Noticed matti1234's ghost (journeyman OpWr)
  9781 | Lair:2   | Reached XP level 12. HP: 70/109 MP: 11/11
  9810 | Lair:1   | Gained mutation: You cannot be stealthy. [Ru sacrifice]
 10589 | Lair:3   | Got a serpentine platinum ring
 10641 | Lair:3   | Identified the ring "Voippubb" {rElec rF+ rC+ Int-5} (You
                  | found it on level 3 of the Lair of Beasts)
 10947 | Lair:3   | Noticed a six-headed hydra
 10963 | Lair:3   | Killed a six-headed hydra
 11136 | Lair:3   | Found a staircase to the Shoals.
 11504 | Lair:4   | Found a staircase to the Snake Pit.
 11542 | Lair:4   | Reached skill level 16 in Unarmed Combat
 11561 | Lair:3   | Gained mutation: Potions are less effective at restoring
                  | your health. [Ru sacrifice]
 11561 | Lair:3   | Reached ****** piety under Ru
 11662 | Lair:4   | Noticed a seven-headed hydra
 11682 | Lair:4   | Killed a seven-headed hydra
 11955 | Lair:4   | Reached skill level 5 in Fighting
 12672 | Lair:5   | Noticed a death yak
 12672 | Lair:5   | Noticed a four-headed hydra
 12675 | Lair:5   | Noticed a death yak
 12676 | Lair:5   | Noticed a death yak
 12677 | Lair:5   | Noticed a death yak
 12677 | Lair:5   | Noticed a death yak
 12678 | Lair:5   | Noticed a death yak
 12686 | Lair:4   | Killed a nine-headed hydra
 13149 | D:10     | Noticed Descartes's ghost (journeyman FoAK)
 13150 | D:10     | Found a transporter.
 13165 | D:10     | Found a shimmering altar of Xom.
 13194 | D:10     | Found a transporter.
 13436 | D:10     | Reached XP level 13. HP: 118/118 MP: 12/12
 13509 | D:10     | Killed Erolcha
 13740 | D:11     | Found Dent's Food Emporium.
 13902 | D:11     | Paralysed by a hornet for 3 turns
 14294 | D:11     | Noticed Grum
 14317 | D:11     | Reached skill level 17 in Unarmed Combat
 14478 | D:11     | Killed Grum
 14524 | D:11     | Found a basalt altar of Yredelemnul.
 14772 | D:11     | Reached XP level 14. HP: 131/131 MP: 13/13
 16546 | D:13     | Reached skill level 5 in Armour
 16730 | D:13     | Found a gate to the Vaults.
 17378 | D:14     | Reached skill level 18 in Unarmed Combat
 18056 | D:15     | Entered Level 15 of the Dungeon
 18302 | D:15     | Noticed Jorgrun
 18323 | D:15     | HP: 5/131 [Jorgrun/uncursed staff of earth (11)]
 18330 | D:15     | Slain by Jorgrun

Levels and vault maps discovered:
D:1:      psy_arrival_fountain, layout_loops_cross
D:2:      layout_basic, old_standard_altar, first_ration, uniq_jessica
D:3:      layout_loops_ring, old_standard_altar,
          chequers_ecumenical_altar_island
D:4:      minmay_bubble_buster, layout_rooms, nicolae_dithmenos_shadow_blocks,
          gammafunk_temple_overflow_elements, hangedman_ru_absence,
          minmay_temple_entry_drinking_statues, uniq_eustachio
D:5:      layout_cave_pods, serial_shops, nicolae_shop_statue_plus, uniq_ijyb
D:6:      layout_basic, fiery_altar_vehumet, lemuel_doored_altar,
          uniq_prince_ribbit1, uniq_pikel
D:7:      layout_loops_ring, nicolae_overflow_hidden_temple, marbit_many_paths,
          kennysheep_generic_room_15
D:8:      layout_cave_pools, david_lair_generic, hangedman_little_slice_of_home,
          minmay_lizard_king
D:9:      layout_basic, orc_david_3, elyvilon_altar_5
D:10:     layout_irregular_city, basic_altar, gammafunk_ghost_stat_death,
          uniq_erolcha
D:11:     layout_irregular_city, serial_shops, nicolae_shop_statue_plus,
          abandoned_shop, lemuel_mausoleum_altar_yredelemnul, uniq_grum
D:12:     layout_cave_pools, nrook_pool_corridor
D:13:     layout_loops_ring, david_vaults_4, chequers_garden,
          grunt_ministairs_15
D:14:     layout_basic, hangedman_decor_diamond_cutter
D:15:     gammafunk_enter_depths_forms, layout_loops_ring, serial_park_square1
          [serial_park_minivault_5x5_7], minmay_misc_feat_more_columns,
          uniq_jorgrun
Temple:   nicolae_temple_hex_pool
Lair:1:   layout_regular_city, hellmonk_ghost_happy_afterlife,
          gauntlet_entry_generic, serial_bayou_shore_a, grunt_megastairs_2
Lair:2:   layout_regular_city, st_stairs_10, lemuel_fruit_fields
Lair:3:   layout_regular_city, minmay_shoals_entry_hut
Lair:4:   layout_regular_city, dummy_snake_entry, grunt_megastairs_5,
          lemuel_fruit_tree, minmay_lair_oklob_chamber
Lair:5:   beast_lair_carwin_large_1, layout_loops_ring,
          nicolae_lair_grove_arrangements, minivault_24,
          infiniplex_staircase_pool_2

Skill      XL: |  1  2  3  4  5  6  7  8  9 10 11 12 13 14 |
---------------+-------------------------------------------+-----
Unarmed Combat | 4 6 7 11 12 13 15 16 17 18 | 18.3
Fighting       | 3 4 5 6 |  6.5
Dodging        | 3 4 6 7 8 9 |  9.2
Throwing       | 1 3 5 6 7 8 |  8.9
Armour         | 3 4 5 |  5.1
Stealth        | 0 |  0.0

Action                   |  1- 3 |  4- 6 |  7- 9 | 10-12 | 13-15 || total
-------------------------+-------+-------+-------+-------+-------++-------
Melee: Unarmed           |   109 |   113 |   385 |   491 |   409 ||  1507
       Punch             |     1 |     1 |    14 |    40 |    31 ||    87
       Headbutt          |       |       |       |    62 |    85 ||   147
       Whip              |       |       |       |    21 |       ||    21
Throw: Stone             |     5 |    23 |    24 |    13 |     6 ||    71
       Dart              |     1 |    16 |    50 |    18 |     7 ||    92
       Boomerang         |       |       |     4 |    56 |    37 ||    97
       Javelin           |       |       |       |       |    11 ||    11
       Large rock        |       |       |       |       |     6 ||     6
Invok: Sacrifice Purity  |       |     1 |       |     1 |       ||     2
       Sacrifice Experie |       |       |     1 |       |       ||     1
       Sacrifice Drink   |       |       |     1 |       |       ||     1
       Power Leap        |       |       |       |     2 |       ||     2
       Draw Out Power    |       |       |       |     2 |       ||     2
       Sacrifice Love    |       |       |       |     1 |       ||     1
       Sacrifice Stealth |       |       |       |     1 |       ||     1
       Apocalypse        |       |       |       |       |     1 ||     1
Evoke: Wand              |       |       |       |     9 |     1 ||    10
  Use: Scroll            |       |       |     4 |    18 |     5 ||    27
       Potion            |       |       |       |     8 |     1 ||     9
 Stab: Sleeping          |     2 |     2 |     4 |       |       ||     8
       Invisible         |       |     1 |     1 |     3 |       ||     5
       Distracted        |       |       |       |     4 |     4 ||     8
       Petrifying        |       |       |       |     1 |       ||     1
       Paralysed         |       |       |       |     6 |     3 ||     9
  Eat: Chunk             |    16 |    14 |    44 |    62 |    47 ||   183
Armor: Robe              |    32 |    35 |    81 |    16 |       ||   164
       Skin              |       |       |     1 |       |       ||     1
       Troll leather arm |       |       |       |   114 |   117 ||   231
       Acid dragon scale |       |       |       |       |     4 ||     4
Dodge: Dodged            |    68 |    77 |   303 |   365 |   265 ||  1078
